 Dungeon Sprint DCSS version 0.27-a0-1378-gdefffd1ff6 (webtiles) character file.

Game seed: 12083488851794215297

3836 mhtbhm the Eclecticist (level 9, -8/46 HPs)
             Began as a Deep Elf Earth Elementalist on June 29, 2021.
             Was an Elder of Vehumet.
             Mangled by a basilisk (9 damage)
             ... while petrified by a basilisk
             ... in the Dungeon (Sprint IX: "|||||||||||||||||||||||||||||").
             The game lasted 00:02:32 (1110 turns).

mhtbhm the Eclecticist (DEEE)                       Turns: 1110, Time: 00:02:33

Health: -8/46      AC:  3    Str:  5    XL:     9   Next: 98%
Magic:  14/33      EV:  2    Int: 27    God:    Vehumet [****..]
Gold:   0          SH:  0    Dex: 18    Spells: 24/44 levels left

rFire    . . .     SeeInvis .   l - +2 rapier (venom)
rCold    . . .     Faith    .   (no shield)
rNeg     + + +     Spirit   .   b - +0 robe
rPois    ∞         Reflect  .   m - +0 helmet
rElec    .         Harm     .   (no cloak)
rCorr    .         Rampage  .   (no gloves)
Will     .....     NoTele   +   (no boots)
Stlth    +++.......             (no amulet)
HPRegen  0.15/turn              n - +3 ring of dexterity
MPRegen  0.23/turn              o - +3 ring of intelligence

@: petrified
A: no striking features
a: Renounce Religion


You were in the Dungeon.
You worshipped Vehumet.
Vehumet was greatly pleased with you.
You visited 1 branch

Inventory:

Hand Weapons
 l - a +2 rapier of venom (weapon)
Missiles
 i - 29 stones
Armour
 b - a +0 robe (worn)
 m - a +0 helmet (worn)
Jewellery
 n - a +3 ring of dexterity (left hand)
 o - a +3 ring of intelligence (right hand)
Wands
 k - a wand of iceblast (10)
Scrolls
 h - 2 scrolls of blinking
 j - 2 scrolls of amnesia
 r - 3 scrolls of identify
 s - a scroll of fog
 t - 2 scrolls of enchant armour
Potions
 a - a potion of invisibility
 c - 5 potions of curing
 d - 3 potions of heal wounds
 e - a potion of haste
 f - 2 potions of magic
 g - 2 potions of berserk rage
 p - 2 potions of might
 q - a potion of mutation


   Skills:
 + Level 0.4 Fighting
 + Level 7.4 Dodging
 + Level 5.6 Stealth
 + Level 18.3 Spellcasting
 + Level 3.0 Transmutations
 + Level 16.8 Earth Magic


You had 24 spell levels left.
You knew the following spells:

 Your Spells              Type           Power      Damage    Failure   Level
a - Sandblast             Erth           100%       2d20      0%          1
b - Passwall              Tmut/Erth      56%        N/A       1%          2
c - Stone Arrow           Conj/Erth      100%       3d13      1%          3
d - Lee's Rapid Deconstr  Erth           43%        3d22*     1%          5
e - Petrify               Tmut/Erth      68%        N/A       1%          4
f - Fireball              Conj/Fire      12%        3d7       13%         5

Your spell library contained the following spells:

 Spells                   Type           Power      Damage    Failure   Level
 Searing Ray              Conj           48%        3d5       1%          2
 Ignite Poison            Fire/Tmut/Pois 30%        N/A       1%          3
 Starburst                Conj/Fire      12%        8x6d5     54%         6
 Ignition                 Fire           12%        3d6       100%        8


Dungeon Overview and Level Annotations

Branches:
Dungeon (1/1)

Altars:
Cheibriados
Dithmenos
Elyvilon
Fedhas
Gozag
Hepliaklqana
Kikubaaqudgha
Makhleb
Nemelex Xobeh
Okawaru
Qazlal
Ru
Sif Muna
Trog
Uskayaw
Vehumet
Wu Jian
Xom
Yredelemnul
Zin
The Shining One
Beogh
Jiyva
Lugonu


Message History

Vehumet accepts your kill.
You feel your power returning.
You hear a loud, deep croak!
Your Spellcasting skill increases to level 18!
Unknown command.
Unknown command.
Casting: Lee's Rapid Deconstruction (safe; 1% risk of failure)
Confirm with . or Enter, or press ? or * to list all spells.
Aiming: Lee's Rapid Deconstruction (safe; 1% risk of failure)
Press: ? - help, Dir - move target An open door to the Lair.
The stone door frame shatters!
The blast of rock fragments hits the basilisk!!
The basilisk is severely wounded.
You hear an angry hiss.
A wyvern comes into view.
The blink frog blinks!
The basilisk gazes at you.
You are slowing down.
Unknown command.
Casting: Lee's Rapid Deconstruction (safe; 1% risk of failure)
Confirm with . or Enter, or press ? or * to list all spells.
Aiming: Lee's Rapid Deconstruction (safe; 1% risk of failure)
Press: ? - help, Dir - move target An open door to the Lair.
Okay, then.
The blink frog blinks!
The basilisk gazes at you.
Your limbs have turned to stone.
You have turned to stone.
The blink frog blinks!
The blink frog hits you! The blink frog hits you. The blink frog hits you!
The blink frog blinks!
The basilisk bites you! The blink frog hits you!
* * * LOW HITPOINT WARNING * * *
The blink frog blinks!
The basilisk bites you!
* * * LOW HITPOINT WARNING * * *
The basilisk bites you!!
You die...

▓▓▓▓▓▓▓▓▓▓▓▓▓▓▓▓▓▓▓▓▓▓▓▓▓▓▓▓▓▓▓▓▓
..).....'.....'__________________
▓▓▓▓▓▓▓▓▓▓▓▓▓▓▓▓▓▓▓▓▓▓▓▓▓▓▓▓▓▓▓▓▓
.................................
▓▓▓▓▓▓▓▓▓▓▓▓▓▓▓▓▓▓▓▓▓▓▓▓▓▓▓▓▓▓▓▓▓
.....'......F...@lYl......
▓▓▓▓▓▓▓▓▓▓▓▓▓▓▓▓▓▓▓▓▓▓▓▓▓▓


You could see a yak, a basilisk, a blink frog and a wyvern.

Vanquished Creatures
  A hydra (D)
  A centaur warrior (D)
  A two-headed ogre (D)
  A deep elf pyromancer (D)
  A gargoyle (D)
  A hornet (D)
  A yak (D)
  A water moccasin (D)
  2 acid dragons (D)
  An orc warrior (D)
  A black bear (D)
  A centaur (D)
  2 bullfrogs (D)
  An iguana (D)
  2 orc wizards (D)
  A ball python (D)
  2 giant cockroaches (D)
  A jackal (D)
  2 quokkas (D)
  2 giant cockroach zombies (D)
26 creatures vanquished.

Notes
Turn   | Place    | Note
-------+----------+-------------------------------------------
     0 | D        | mhtbhm the Deep Elf Earth Elementalist began the quest for
                  | the Orb.
     0 | D        | Reached XP level 1. HP: 10/10 MP: 6/6
    79 | D        | Noticed a water moccasin
    79 | D        | Noticed an iguana
    79 | D        | Noticed a black bear
    83 | D        | Killed a water moccasin
    84 | D        | Reached skill level 7 in Spellcasting
    84 | D        | Reached XP level 2. HP: 15/15 MP: 3/12
    84 | D        | Reached XP level 3. HP: 19/19 MP: 3/13
    84 | D        | Reached XP level 4. HP: 24/24 MP: 3/15
    86 | D        | Reached XP level 5. HP: 28/28 MP: 1/17
    89 | D        | Killed a black bear
    90 | D        | Reached skill level 5 in Dodging
    90 | D        | Reached skill level 9 in Spellcasting
    95 | D        | Learned a level 2 spell: Passwall
    99 | D        | Learned a level 3 spell: Stone Arrow
   105 | D        | Learned a level 5 spell: Lee's Rapid Deconstruction
   110 | D        | Learned a level 4 spell: Petrify
   121 | D        | Found a snail-covered altar of Cheibriados.
   121 | D        | Found a shadowy altar of Dithmenos.
   121 | D        | Found a white marble altar of Elyvilon.
   121 | D        | Found a blossoming altar of Fedhas.
   121 | D        | Found an opulent altar of Gozag.
   122 | D        | Found a hazy altar of Hepliaklqana.
   123 | D        | Found a viscous altar of Jiyva.
   124 | D        | Found an ancient bone altar of Kikubaaqudgha.
   125 | D        | Found a corrupted altar of Lugonu.
   126 | D        | Found a burning altar of Makhleb.
   127 | D        | Found a sparkling altar of Nemelex Xobeh.
   128 | D        | Found an iron altar of Okawaru.
   129 | D        | Found a stormy altar of Qazlal.
   130 | D        | Found a sacrificial altar of Ru.
   131 | D        | Found a shimmering blue altar of Sif Muna.
   132 | D        | Found a bloodstained altar of Trog.
   133 | D        | Found a hide-covered altar of Uskayaw.
   134 | D        | Found a radiant altar of Vehumet.
   135 | D        | Found an ornate altar of the Wu Jian Council.
   136 | D        | Found a shimmering altar of Xom.
   137 | D        | Found a basalt altar of Yredelemnul.
   138 | D        | Found a glowing silver altar of Zin.
   139 | D        | Found a glowing golden altar of the Shining One.
   142 | D        | Became a worshipper of Vehumet
   269 | D        | Noticed an acid dragon
   269 | D        | Noticed a hornet
   269 | D        | Noticed an orc warrior
   269 | D        | Noticed a two-headed ogre
   275 | D        | Killed an acid dragon
   275 | D        | Killed a hornet
   275 | D        | Reached * piety under Vehumet
   275 | D        | Offered knowledge of Freeze by Vehumet.
   276 | D        | Reached skill level 5 in Stealth
   276 | D        | Reached skill level 11 in Spellcasting
   276 | D        | Reached XP level 6. HP: 7/32 MP: 8/22
   276 | D        | Reached XP level 7. HP: 8/36 MP: 8/24
   324 | D        | Killed a two-headed ogre
   325 | D        | Reached skill level 14 in Spellcasting
   325 | D        | Reached XP level 8. HP: 40/41 MP: 2/28
   812 | D        | Noticed a gargoyle
   812 | D        | Noticed a deep elf pyromancer
   812 | D        | Noticed a centaur warrior
   813 | D        | Reached ** piety under Vehumet
   813 | D        | Offered knowledge of Static Discharge by Vehumet.
   821 | D        | Killed a deep elf pyromancer
   822 | D        | Reached skill level 15 in Spellcasting
   823 | D        | Killed a gargoyle
   823 | D        | Reached *** piety under Vehumet
   824 | D        | Reached skill level 16 in Spellcasting
   824 | D        | Reached skill level 15 in Earth Magic
   824 | D        | Reached XP level 9. HP: 23/46 MP: 10/31
   824 | D        | Killed a centaur warrior
   825 | D        | Reached skill level 17 in Spellcasting
  1091 | D        | Learned a level 5 spell: Fireball
  1091 | D        | Noticed an eight-headed hydra
  1095 | D        | Offered knowledge of Searing Ray by Vehumet.
  1100 | D        | Killed an eight-headed hydra
  1100 | D        | Reached **** piety under Vehumet
  1101 | D        | Reached skill level 18 in Spellcasting
  1109 | D        | HP: 1/46 [basilisk (7)]
  1110 | D        | Mangled by a basilisk

Illustrated notes

Levels and vault maps discovered:
D:        linesprint [early_d, line_temple, items_1, d_10, items_2, lair_1,
          lair_end, items_3, orc_1, orc_end, items_4, d_15, swamp_1, shoals_1,
          snake_1, spider_1, d_20, vaults_1, items_5, swamp_end, shoals_end,
          snake_end, spider_end, vaults_end, d_27, items_6, zot_1, zot_end,
          crypt_end, forest_end, elf_end, slime_end, tomb_end, abyss_end,
          pan_hell_end]

Skill      XL: |  1  2  3  4  5  6  7  8  9 |
---------------+----------------------------+-----
Earth Magic    | 8 11 13 15 16 | 16.8
Dodging        | 4 6 7 |  7.4
Stealth        | 4 5 |  5.6
Spellcasting   | 7 11 14 16 18 | 18.3
Transmutations | 2 3 |  3.0
Fighting       | |  0.4

Action                   |  1- 3 |  4- 6 |  7- 9 || total
-------------------------+-------+-------+-------++-------
 Cast: Sandblast         |    10 |     7 |     1 ||    18
       Lee's Rapid Decon |       |     2 |    20 ||    22
       Petrify           |       |       |     3 ||     3
  Use: Potion            |       |     1 |     3 ||     4
       Scroll            |       |       |     1 ||     1
Armor: Robe              |     2 |     3 |     1 ||     6
Dodge: Dodged            |     3 |     5 |    10 ||    18

Table legend: (Time is in decaauts)
 A = Elapsed time spent in this place.
 B = Non-inter-level travel time spent in this place.
 C = Inter-level travel time spent in this place.
 D = Time resting spent in this place.
 E = Time spent auto-exploring this place.
 F = Levels seen in this place.
 G = Mean time per level.
                   A        B        C        D        E       F      G
               +--------+--------+--------+--------+--------+-----+--------+
         Total |   1109 |   1109 |      0 |    717 |    133 |   1 | 1109.0 |
       Dungeon |   1109 |   1109 |      0 |    717 |    133 |   1 | 1109.0 |
               +--------+--------+--------+--------+--------+-----+--------+

Top non-repeatable levels by time:
       D: 1109 daAuts
